 Dungeon Crawl Stone Soup version 0.19.0-9-gfd783f2 (webtiles) character file.

8998 Inkary the Fighter (level 11, -3/89 HPs)
             Began as a Formicid Fighter on Nov 7, 2016.
             Was a High Priest of Okawaru.
             Slain by a hill giant
             ... wielding a +0 giant spiked club
              (36 damage)
             ... on level 11 of the Dungeon.
             The game lasted 00:20:35 (8792 turns).

Inkary the Fighter (Formicid Fighter)               Turns: 8792, Time: 00:20:36

Health: -3/89      AC: 12    Str: 23 (25) XL:     11   Next: 66%
Magic:  15/15      EV: 10    Int:  7 (8)  God:    Okawaru [*****.]
Gold:   316        SH: 12    Dex: 12 (13) Spells: 1 memorised, 15 levels left

rFire  . . .     SeeInvis +     Q - +7 morningstar of Bloodstone {freeze, Str+3 Dex+3}
rCold  + . .     Gourm    .     M - +0 troll leather armour
rNeg   . . .     Faith    .     c - +0 shield
rPois  +         Spirit   .     (helmet unavailable)
rElec  .         Reflect  .     (no cloak)
rCorr  .         Harm     .     F - +0 pair of gloves
MR     +....                    e - +2 pair of boots
Stlth  +.........               (no amulet)
                                t - +3 ring of protection
                                q - -2 ring of evasion (curse)

@: no status effects
A: permanent stasis, dig shafts and tunnels, four strong arms, antennae 3, cold
resistance 1, deterioration 1, poison resistance, weak 1, wild magic 1
a: Dig, Shaft Self, Heroism, Finesse, Renounce Religion


You were on level 11 of the Dungeon.
You worshipped Okawaru.
Okawaru was extremely pleased with you.
You were not hungry.

You visited 1 branch of the dungeon, and saw 11 of its levels.

You collected 568 gold pieces.
You spent 252 gold pieces at shops.

Inventory:

Hand Weapons
 Q - the +7 morningstar of Bloodstone (weapon) {freeze, Str+3 Dex+3}
   (You bought it in a shop on level 9 of the Dungeon)

   It has been specially enchanted to freeze those struck by it, causing extra
   injury to most foes and up to half again as much damage against particularly
   susceptible opponents.
   It can also slow down cold-blooded creatures.
   It affects your strength (+3).
   It affects your dexterity (+3).
 V - a +1 flail of holy wrath
Missiles
 E - 5 tomahawks of returning (quivered)
Armour
 b - a +1 scale mail
 c - a +0 shield (worn)
 e - a +2 pair of boots (worn)
 F - a +0 pair of gloves (worn)
 M - a +0 troll leather armour (worn)
Jewellery
 p - a +4 ring of evasion
 q - a cursed -2 ring of evasion (left hand)
 t - a +3 ring of protection (right hand)
 v - a +3 ring of slaying
 P - an uncursed ring of fire
 T - an uncursed ring of stealth
Wands
 x - a wand of disintegration (16/24)
 I - a wand of paralysis (3/24)
 K - a wand of lightning (3/15)
Scrolls
 g - 4 scrolls of recharging
 i - a scroll of fear {unknown}
 l - 5 scrolls of amnesia
 y - a scroll of random uselessness {unknown}
 D - a scroll of noise {unknown}
 J - 2 scrolls of magic mapping
 L - a scroll of identify
 N - a scroll of teleportation {unknown}
 S - a scroll of enchant weapon
Potions
 d - 2 potions of haste {unknown}
 j - 3 potions of curing
 k - 2 potions of heal wounds {unknown}
 m - 2 potions of degeneration {unknown}
 n - 2 potions of cancellation {unknown}
 o - a potion of mutation {unknown}
 r - 2 potions of cure mutation
 s - a potion of magic {unknown}
 w - a potion of invisibility {unknown}
 A - a potion of berserk rage {unknown}
 B - a potion of flight {unknown}
 C - 2 potions of lignification {unknown}
 G - 4 potions of agility {unknown}
 R - a potion of brilliance {unknown}
Books
 H - a book of Minor Magic

   Spells                             Type                      Level
   a - Magic Dart                     Conjuration                  1
   b - Blink                          Translocation                2
   c - Call Imp                       Summoning                    2
   d - Repel Missiles                 Charms/Air                   2
   e - Slow                           Hexes                        2
   f - Conjure Flame                  Conjuration/Fire             3
   g - Mephitic Cloud                 Conjuration/Poison/Air       3
 O - a book of Flames

   Spells                             Type                      Level
   a - Flame Tongue                   Conjuration/Fire             1
   b - Throw Flame                    Conjuration/Fire             2
   c - Conjure Flame                  Conjuration/Fire             3
   d - Inner Flame                    Hexes/Fire                   3
   e - Sticky Flame                   Conjuration/Fire             4
   f - Fireball                       Conjuration/Fire             5
Comestibles
 a - a royal jelly
 f - 14 bread rations
 h - 5 meat rations
 u - a slice of pizza
 z - a beef jerky
 U - 11 chunks of flesh


   Skills:
 + Level 9.5 Fighting
   Level 3.9 Long Blades
   Level 6.8(8.3) Axes
 + Level 7.2(8.5) Maces & Flails
 + Level 6.2 Armour
 + Level 1.8 Dodging
 - Level 9.4 Shields
 - Level 3.0 Spellcasting
 - Level 3.1 Hexes
 - Level 6.0 Invocations
 + Level 0.0 Evocations


You had 15 spell levels left.
You knew the following spells:

 Your Spells              Type           Power        Failure   Level  Hunger
a - Confusing Touch       Hex            #.....       21%         1    ##.....


Dungeon Overview and Level Annotations

Branches:
Dungeon (11/15)            Temple (0/1) D:7            Lair (0/6) D:8
    Orc: D:9-12

Altars:
Cheibriados
Hepliaklqana
Nemelex Xobeh
Okawaru
Qazlal
Ru
Sif Muna
Trog
Vehumet
Yredelemnul
The Shining One

Shops:
D:4 =   D:8 %   D:9 (

Annotations:
D:6 1 runed door


Innate Abilities, Weirdness & Mutations

You are under a permanent stasis effect.
You can dig through walls and to a lower floor.
Your four strong arms can wield two-handed weapons with a shield.
You have a pair of large antennae on your head. (SInv)
Your flesh is cold resistant. (rC+)
Your body sometimes deteriorates upon taking damage.
Your system is resistant to poisons. (rPois)
You are weak. (Str -2)
Your spells are a little harder to cast, but a little more powerful.


Message History

There are monsters nearby!
There are monsters nearby!
The centaur shoots an arrow.
The arrow hits you.
Found a stone staircase leading up.
You see here an arrow.
The centaur shoots an arrow.
The arrow closely misses you.
The centaur shoots an arrow.
The arrow hits you.
You see here 2 arrows.
You block the hound's attack.
You see here 2 arrows.
You bludgeon the hill giant!! You freeze the hill giant!
The hill giant is heavily wounded.
The hill giant hits you with a giant spiked club!
You barely miss the hill giant.
The hill giant is heavily wounded.
The hill giant hits you with a giant spiked club!!
You hit the hill giant. You freeze the hill giant.
The hill giant is severely wounded.
The hill giant hits you with a giant spiked club!!!
You die...

#.......< #############
#........ #.........<.#
#........ #...........#
#........ #...........#
#........ #...........#
#........ #...........#
#........
#...........###c.%.....
#...........'@Ch.......
#...........###........
#...........# ####.####
####)######## .# ##)# #
#..# ###.#####
#.......# #.......#


You could see a hill giant, a centaur and a hound.

Vanquished Creatures
  Erica (D:8)
  An unseen horror (D:8)
  Pikel (D:7)
  Joseph (D:7)
  A troll (D:8)
  A two-headed ogre (D:7)
  2 hippogriffs
  A spriggan (D:8)
  A shadow (D:11)
  10 yaks
  A vampire mosquito (D:8)
  3 orc warriors
  2 phantoms (D:4)
  2 ice beasts
  4 sky beasts
  2 ogres
  A centaur (D:9)
  A crocodile (D:7)
  2 big kobolds
  5 bullfrogs
  A wyvern zombie (D:8)
  5 scorpions
  A water moccasin skeleton (D:4)
  15 killer bees
  3 howler monkeys (D:8)
  4 crimson imps
  A bullfrog zombie (D:5)
  A centaur zombie (D:8)
  A hound (D:11)
  6 jellies
  A centaur skeleton (D:9)
  6 orc priests
  8 orc wizards
  Jessica (D:2)
  5 iguanas
  6 worker ants
  A hound zombie (D:6)
  A howler monkey zombie (D:8)
  A worker ant zombie (D:9)
  9 adders
  3 gnolls (D:4)
  2 shadow imps
  2 adder zombies
  4 adder skeletons
  A worm (D:3)
  A dart slug (D:1)
  8 leopard geckos
  35 orcs
  6 bats
  7 giant cockroaches
  11 hobgoblins
  13 jackals
  4 quokkas
  5 frilled lizards
  2 gnoll zombies (D:3)
  9 goblins
  A jackal skeleton (D:2)
  18 kobolds
  2 leopard gecko skeletons
  A leopard gecko zombie (D:2)
  A quokka skeleton (D:7)
  2 quokka zombies
  10 rats
268 creatures vanquished.

Vanquished Creatures (others)
  2 slaves (D:7)
  A hound (D:7)
  A worker ant (D:7)
  A frilled lizard (D:2)
5 creatures vanquished.

Grand Total: 273 creatures vanquished

Notes
Turn   | Place    | Note
-------+----------+-------------------------------------------
     0 | D:1      | Inkary the Formicid Fighter began the quest for the Orb.
     0 | D:1      | Reached XP level 1. HP: 18/18 MP: 1/1
    70 | D:1      | Reached XP level 2. HP: 8/24 MP: 2/2
   217 | D:1      | Reached XP level 3. HP: 23/29 MP: 3/3
   469 | D:2      | Noticed Jessica
   473 | D:2      | Killed Jessica
   473 | D:2      | Reached XP level 4. HP: 34/36 MP: 4/4
  1292 | D:3      | Reached XP level 5. HP: 42/42 MP: 5/5
  1310 | D:3      | Found a basalt altar of Yredelemnul.
  1355 | D:3      | Found a radiant altar of Vehumet.
  1809 | D:3      | Reached XP level 6. HP: 31/48 MP: 6/6
  1954 | D:4      | Noticed a phantom
  1982 | D:4      | Killed a phantom
  1982 | D:4      | Reached skill level 5 in Shields
  2264 | D:4      | Found Ipnus's Jewellery Boutique.
  2278 | D:4      | Reached XP level 7. HP: 43/55 MP: 7/7
  2454 | D:4      | Reached skill level 5 in Axes
  2489 | D:4      | Reached skill level 5 in Armour
  2505 | D:4      | Reached skill level 5 in Fighting
  2533 | D:4      | Found a hazy altar of Hepliaklqana.
  2612 | D:4      | Found an iron altar of Okawaru.
  2691 | D:5      | Entered Level 5 of the Dungeon
  2698 | D:5      | Learned a level 1 spell: Confusing Touch
  3022 | D:5      | Reached skill level 1 in Hexes
  3022 | D:5      | Reached XP level 8. HP: 62/62 MP: 8/8
  3257 | D:5      | Found a bloodstained altar of Trog.
  3512 | D:6      | Found a snail-covered altar of Cheibriados.
  3604 | D:6      | Found a glowing golden altar of the Shining One.
  3683 | D:6      | Found a runed door.
  3683 | D:6      | Found a glowing golden altar of the Shining One.
  3683 | D:6      | Noticed an angel
  3774 | D:4      | Became a worshipper of Warmaster Okawaru
  3907 | D:6      | Found a deep blue altar of Sif Muna.
  4240 | D:7      | Got an ichor-stained whip
  4242 | D:7      | Identified the +9 whip of Heel {elec, rElec Int-5 SInv} (You found it on level 7 of the Dungeon)
  4740 | D:7      | Reached skill level 1 in Invocations
  4745 | D:7      | Reached * piety under Okawaru
  4745 | D:7      | Reached skill level 1 in Maces & Flails
  5053 | D:7      | Found a staircase to the Ecumenical Temple.
  5091 | D:7      | Noticed a two-headed ogre
  5098 | D:7      | Killed a two-headed ogre
  5098 | D:7      | Reached skill level 1 in Spellcasting
  5098 | D:7      | Reached XP level 9. HP: 71/71 MP: 9/11
  5169 | D:7      | Noticed Pikel
  5169 | D:7      | Noticed Joseph
  5190 | D:7      | Killed Pikel
  5190 | D:7      | Reached ** piety under Okawaru
  5205 | D:7      | Killed Joseph
  5314 | D:7      | Noticed a hippogriff
  5317 | D:7      | Reached *** piety under Okawaru
  5343 | D:7      | Killed a hippogriff
  5343 | D:7      | Reached XP level 10. HP: 67/80 MP: 14/14
  5347 | D:7      | Reached skill level 5 in Invocations
  5368 | D:7      | Gained mutation: Your magical capacity is low. (-10% MP) [mutagenic meat]
  5369 | D:7      | Gained mutation: You are somewhat resistant to further mutation. [mutagenic meat]
  5372 | D:7      | Gained mutation: You are frail. (-10% HP) [mutagenic meat]
  5375 | D:7      | Lost mutation: Your magical capacity is low. (-10% MP) [potion of cure mutation]
  5375 | D:7      | Lost mutation: You are frail. (-10% HP) [potion of cure mutation]
  5375 | D:7      | Lost mutation: You are somewhat resistant to further mutation. [potion of cure mutation]
  5566 | D:8      | Found a staircase to the Lair.
  5607 | D:8      | Noticed Erica
  5623 | D:8      | Killed Erica
  5623 | D:8      | Reached **** piety under Okawaru
  5623 | D:8      | Reached skill level 5 in Maces & Flails
  6236 | D:8      | Found Uriol's Food Emporium.
  6309 | D:8      | Reached ***** piety under Okawaru
  6577 | D:8      | Got an ebony falchion
  6578 | D:8      | Identified the cursed +1 falchion of Skirmishing {protect, Str+7 Dex-3 SInv} (You found it on level 8 of the Dungeon)
  6874 | D:8      | Reached skill level 1 in Long Blades
  6949 | D:9      | Noticed an unseen horror
  6962 | D:8      | Received a gift from Okawaru
  6973 | D:8      | Reached XP level 11. HP: 46/89 MP: 15/15
  7085 | D:8      | Killed an unseen horror
  7434 | D:9      | Gained mutation: Your spells are a little harder to cast, but a little more powerful. [mutagenic meat]
  7435 | D:9      | Gained mutation: Your system is resistant to poisons. (rPois) [mutagenic meat]
  7437 | D:9      | Gained mutation: Your flesh is cold resistant. (rC+) [mutagenic meat]
  7438 | D:9      | Gained mutation: You are weak. (Str -2) [mutagenic meat]
  7439 | D:9      | Gained mutation: Your body sometimes deteriorates upon taking damage. [mutagenic meat]
  7577 | D:9      | Found Rinnataq's Antique Weapon Shop.
  7585 | D:9      | Bought an encrusted morningstar for 252 gold pieces
  7589 | D:9      | Identified the +7 morningstar of Bloodstone {freeze, Str+3 Dex+3} (You bought it in a shop on level 9 of the Dungeon)
  7597 | D:9      | Found a stormy altar of Qazlal.
  7648 | D:9      | Found a sparkling altar of Nemelex Xobeh.
  7839 | D:10     | Entered Level 10 of the Dungeon
  7840 | D:10     | Found a sacrificial altar of Ru.
  8623 | D:10     | Reached skill level 1 in Dodging
  8753 | D:11     | Received a gift from Okawaru
  8784 | D:11     | Noticed a hill giant
  8792 | D:11     | Slain by a hill giant

Skill      XL: |  1  2  3  4  5  6  7  8  9 10 11 |
---------------+----------------------------------+-----
Shields        | 4 5 7 9 |  9.4
Axes           | 3 4 5 6 |  6.8
Fighting       | 4 5 6 8 9 |  9.5
Armour         | 4 5 6 |  6.2
Hexes          | 1 3 |  3.1
Invocations    | 2 4 6 |  6.0
Maces & Flails | 1 4 6 7 |  7.2
Spellcasting   | 1 3 |  3.0
Long Blades    | 1 3 |  3.9
Dodging        | 1 |  1.8

Action                   |  1- 3 |  4- 6 |  7- 9 | 10-12 || total
-------------------------+-------+-------+-------+-------++-------
Melee: War axe           |    71 |   226 |   160 |       ||   457
       Whip              |       |       |    99 |   126 ||   225
       Falchion          |       |       |       |   147 ||   147
       Morningstar       |       |       |       |   113 ||   113
Invok: Heroism           |       |       |       |     3 ||     3
 Abil: Dig               |       |     2 |       |       ||     2
Evoke: Wand              |       |       |     6 |     2 ||     8
  Use: Scroll            |       |     5 |     4 |     4 ||    13
       Potion            |       |     1 |     2 |     1 ||     4
 Stab: Paralysed         |       |       |    10 |       ||    10
       Sleeping          |       |       |       |     1 ||     1
  Eat: Chunk             |       |     4 |     8 |    23 ||    35
       Beef jerky        |       |     1 |     1 |       ||     2
Armor: Scale mail        |    27 |   115 |    96 |    59 ||   297
       Troll leather arm |       |       |       |    80 ||    80
Dodge: Dodged            |    36 |   110 |    85 |   117 ||   348
Block: Shield            |    33 |   136 |   145 |   216 ||   530
       Rpst.: Falchion   |       |       |       |     9 ||     9
